 Dungeon Crawl Stone Soup version 0.31-a0-1165-g196b491b36 (webtiles) character file.

Game seed: 14183342979720563421

37 Lobster4 the Vexing (level 3, -1/20 HPs)
             Began as a Deep Elf Hexslinger on Dec 9, 2023.
             Slain by a kobold
             ... wielding a +4 dagger
              (6 damage)
             ... on level 1 of the Dungeon.
             The game lasted 00:02:52 (976 turns).

Lobster4 the Vexing (Deep Elf Hexslinger)            Turns: 976, Time: 00:02:53

Health: -1/20      AC:  2    Str:  5    XL:     3   Next: 21%
Magic:  8/8        EV: 13    Int: 17    God:
Gold:   65         SH:  0    Dex: 19    Spells: 6/6 levels left

rFire   . . .        b - +1 dagger (flame)
rCold   . . .        (no shield)
rNeg    . . .        c - +0 robe
rPois   .            (no helmet)
rElec   .            (no cloak)
rCorr   .            (no gloves)
SInv    .            (no boots)
Will    .....        (no amulet)
Stlth   ++           (no ring)
HPRegen 0.23/turn    (no ring)
MPRegen 0.11/turn

%: no passive effects
@: no status effects
A: no striking features
a: no special abilities


You were on level 1 of the Dungeon.
You visited 1 branch of the dungeon, and saw 2 of its levels.

You collected 65 gold pieces.

Inventory:

Hand Weapons
 a - a +1 sling
 b - a +1 dagger of flaming (weapon)
 e - a +0 short sword
 l - a +1 dagger of venom
Missiles
 d - 10 stones
Armour
 c - a +0 robe (worn)
Talismans
 f - a beast talisman
Scrolls
 i - a scroll of revelation {unknown}
 k - a scroll of poison
 n - a scroll of identify {unknown}
Potions
 g - a potion of curing {unknown}
 h - a potion of mutation {unknown}
 j - a potion of degeneration {unknown}
 m - a potion of brilliance {unknown}


   Skills:
 + Level 1.3 Fighting
 + Level 3.0 Ranged Weapons
 + Level 2.7 Dodging
 + Level 0.9 Stealth
 + Level 2.0 Spellcasting
 + Level 4.5 Hexes
 + Level 1.4 Fire Magic


You had 6 spell levels left.
You didn't know any spells.
Your spell library contained the following spells:

 Spells                   Type           Power      Damage    Failure   Level
 Jinxbite                 Hex            34%        N/A       4%          2
 Sigil of Binding         Hex            17%        N/A       9%          3
 Inner Flame              Hex/Fire       11%        N/A       17%         3
 Cause Fear               Hex            8%         N/A       30%         4
 Call Canine Familiar     Summ           1%         N/A       50%         3
 Dimensional Bullseye     Hex/Tloc       4%         N/A       58%         4
 Leda's Liquefaction      Hex/Erth       4%         N/A       58%         4


Dungeon Overview and Level Annotations

Branches:
Dungeon (2/15)

Altars:


Message History

You kill the frilled lizard!
The bat barely misses you. The bat hits you but does no damage.
The giant cockroach barely misses you. The giant cockroach closely misses you.
You climb upwards.
There is a stone staircase leading down here.
You shoot a sling bullet.
The sling bullet hits the giant cockroach.
You kill the giant cockroach!
No target in view!
Search for what [Enter for "."]? .
There is an open door here.
You open the door.
There is an open door here.
There is a stone staircase leading down here.
You climb downwards.
The kobold shouts!
The adder hisses angrily. x2
Found 2 stones.
Found a stone staircase leading down.
There is a stone staircase leading up here.
The kobold closely misses you.
You climb upwards.
There is a stone staircase leading down here.
You shoot a sling bullet.
The sling bullet closely misses the kobold.
The kobold hits you with a +4 dagger.
You shoot a sling bullet.
The sling bullet closely misses the kobold.
The kobold hits you with a +4 dagger.
You shoot a sling bullet.
The sling bullet closely misses the kobold.
The kobold closely misses you.
You shoot a sling bullet.
The sling bullet barely misses the kobold.
The kobold hits you with a +4 dagger. The kobold closely misses you.
Your +1 dagger of flaming bursts into flame!
b - a +1 dagger of flaming (weapon)
You barely miss the kobold. The kobold hits you with a +4 dagger.
* * * LOW HITPOINT WARNING * * *
You barely miss the kobold. The kobold hits you with a +4 dagger.
You die...

#
#.#.........###.#.########
# #.####.######
#.#......... #......#
#.########## ######## #.#
#.# #######.###
#.........# ###
#.#####.#.# ..# #@# #.#.#
### #.# #K# ###.#.#####.##
..# ####.###..........#.#
.## #............#####.##
.# ####.##.........# #.#
.# ##.##.#######...## #.#
.# #.....# ##.## ###.## .#
##.#### #.# #..... )# #.#
#.# #..#.#


You could see a kobold.

Vanquished Creatures
  A dart slug (D:1)
  3 bats (D:1)
  3 endoplasms (D:1)
  2 giant cockroaches (D:1)
  5 goblins
  A hobgoblin (D:1)
  4 jackals (D:1)
  3 kobolds (D:1)
  3 ball pythons (D:1)
  3 frilled lizards
  3 rats (D:1)
31 creatures vanquished.

Notes
Turn   | Place    | Note
-------+----------+-------------------------------------------
     0 | D:1      | Lobster4 the Deep Elf Hexslinger began the quest for the
                  | Orb.
     0 | D:1      | Reached XP level 1. HP: 11/11 MP: 5/5
    74 | D:1      | Reached skill level 1 in Fighting
   165 | D:1      | Reached XP level 2. HP: 16/16 MP: 6/6
   696 | D:1      | Reached XP level 3. HP: 20/20 MP: 8/8
   976 | D:1      | Slain by a kobold

Illustrated notes

Levels and vault maps discovered:
D:1:      psy_arrival_whirlpool, layout_loops_corners,
          chequers_hall_statues_corner_a
D:2:      layout_basic, dk_noncrumbling_2, uniq_terence

Skill      XL: |  1  2 |
---------------+-------+-----
Fighting       | 1 |  1.3
Ranged Weapons | 3 |  3.0
Spellcasting   | 2 |  2.0
Dodging        | |  2.7
Stealth        | |  0.9
Hexes          | |  4.5
Fire Magic     | |  1.4

Action                     || total
---------------------------++-------
  Melee: Dagger            ||     2
   Fire: Sling             ||    68
 Armour: Robe              ||    15
  Dodge: Dodged            ||    17

Table legend: (Time is in decaauts)
 A = Elapsed time spent in this place.
 B = Non-inter-level travel time spent in this place.
 C = Inter-level travel time spent in this place.
 D = Time resting spent in this place.
 E = Time spent auto-exploring this place.
 F = Levels seen in this place.
 G = Mean time per level.
                   A        B        C        D        E       F      G
               +--------+--------+--------+--------+--------+-----+--------+
         Total |    995 |    966 |     29 |      0 |    815 |   2 |  497.5 |
       Dungeon |    995 |    966 |     29 |      0 |    815 |   2 |  497.5 |
               +--------+--------+--------+--------+--------+-----+--------+

Top non-repeatable levels by time:
     D:1: 989 daAuts
     D:2: 6 daAuts
